 Dungeon Crawl Stone Soup version 0.30-a0-364-gf6b3ef1049 (webtiles) character file.

Game seed: 14988821137353784727

41 GiantSquids the Insei (level 3, -2/28 HPs)
             Began as a Gnoll Transmuter on Nov 16, 2022.
             Succumbed to Terence's poison
             ... on level 2 of the Dungeon.
             The game lasted 00:04:08 (909 turns).

GiantSquids the Insei (Gnoll Transmuter)             Turns: 909, Time: 00:04:08

Health: -2/28      AC:  5    Str:  9    XL:     3   Next: 52%
Magic:  9/9        EV: 11    Int: 14    God:
Gold:   36         SH:  0    Dex: 12    Spells: 11/12 levels left

rFire   . . .      SeeInvis .      - Unarmed
rCold   . . .      Faith    .    (no shield)
rNeg    . . .      Spirit   .    e - +0 ring mail
rPois   .          Reflect  .    (no helmet)
rElec   .          Harm     .    (no cloak)
rCorr   .          Rampage  .    (no gloves)
Will    .....                    (no boots)
Stlth   +.........               (no amulet)
HPRegen 0.24/turn                (no ring)
MPRegen 0.11/turn                (no ring)

@: lethally poisoned (-2 -> -18)
A: fangs 1, strong nose, distributed training
a: no special abilities


You were on level 2 of the Dungeon.
You visited 1 branch of the dungeon, and saw 2 of its levels.

You collected 36 gold pieces.

Inventory:

Missiles
 l - a throwing net
Armour
 a - a +0 robe
 e - a +0 ring mail (worn)
Jewellery
 f - an amulet of reflection
Scrolls
 c - 2 scrolls of teleportation {unknown}
 g - a scroll of blinking {unknown}
 i - a scroll of identify {unknown}
 j - a scroll of enchant armour {unknown}
Potions
 b - a potion of lignification
 d - a potion of berserk rage {unknown}
 h - a potion of attraction {unknown}
 k - a potion of magic {unknown}


   Skills:
 + Level 2.6 Fighting
 + Level 0.9 Short Blades
 + Level 0.9 Long Blades
 + Level 0.9 Axes
 + Level 0.9 Maces & Flails
 + Level 0.9 Polearms
 + Level 0.9 Staves
 + Level 0.9 Ranged Weapons
 + Level 0.9 Throwing
 + Level 0.9 Armour
 + Level 4.5 Dodging
 + Level 0.9 Stealth
 + Level 0.9 Shields
 + Level 6.5 Unarmed Combat
 + Level 5.0 Spellcasting
 + Level 0.6 Conjurations
 + Level 0.6 Hexes
 + Level 0.6 Summonings
 + Level 0.6 Necromancy
 + Level 0.6 Translocations
 + Level 3.8 Transmutations
 + Level 0.6 Fire Magic
 + Level 0.6 Ice Magic
 + Level 0.6 Air Magic
 + Level 0.6 Earth Magic
 + Level 0.6 Poison Magic
 + Level 1.0 Invocations
 + Level 0.9 Evocations


You had 11 spell levels left.
You knew the following spells:

 Your Spells              Type           Power      Damage    Failure   Level
a - Beastly Appendage     Tmut           28%        N/A       11%         1

Your spell library contained the following spells:

 Spells                   Type           Power      Damage    Failure   Level
 Wereblood                Tmut           14%        N/A       16%         2
 Spider Form              Tmut/Pois      9%         N/A       52%         3
 Ozocubu's Armour         Ice            5%         N/A       75%         3
 Ice Form                 Ice/Tmut       9%         N/A       89%         4
 Ozocubu's Refrigeration  Ice            2%         4d8       100%        7


Dungeon Overview and Level Annotations

Branches:
Dungeon (2/15)

Altars:

Annotations:
D:2 Terence


Innate Abilities, Weirdness & Mutations

You have very sharp teeth.
Your uncanny sense of smell can sniff out nearby items.
Your experience applies equally to all skills.


Message History

c - 2 scrolls labelled DUNYUH INTOELL (gained 1)
You now have 36 gold pieces (gained 12).
A kobold comes into view. It is wielding a +0 dagger.
Found a stone staircase leading up.
The kobold shouts!
Found 6 gold pieces.
Found a scroll labelled WOKEVE WIGHECW.
The kobold hits you but does no damage.
Terence shouts!
You hit the kobold.
You kill the kobold!
Things that are here:
a +0 dagger; a kobold corpse
Things that are here:
a +0 dagger; a kobold corpse You hit Terence but do no damage.
Terence hits you with a +2 short sword of venom!
You are poisoned.
You barely miss Terence.
You feel very sick. Terence barely misses you.
You hit Terence but do no damage.
You feel very sick.
Terence hits you with a +2 short sword of venom.
You closely miss Terence.
You feel very sick. Terence barely misses you.
You hit Terence but do no damage. Your bite misses Terence.
* * * LOW HITPOINT WARNING * * *
You feel sick.
Terence hits you with a +2 short sword of venom.
* * * LOW HITPOINT WARNING * * *
You are more poisoned.
You barely miss Terence.
* * * LOW HITPOINT WARNING * * *
You feel very sick. Terence barely misses you.
You barely miss Terence.
The kobold shouts!
You bite Terence, but do no damage.
You die...

###### #
########....###.#.
#.........#.......
#............#...
#####.........#@## $
#.....<.......#@#
..###..<...............
#......^..#.#<.....
#........K#........
....................
............#.....?..
########..#...... ....
...#......#..#.


You could see Terence and a kobold.

Vanquished Creatures
  A gnoll (D:1)
  2 dart slugs (D:1)
  3 ball pythons (D:1)
  5 endoplasms (D:1)
  A goblin (D:1)
  2 hobgoblins (D:1)
  A quokka (D:1)
  2 bats (D:1)
  3 frilled lizards (D:1)
  6 kobolds
  2 rats (D:1)
28 creatures vanquished.

Notes
Turn   | Place    | Note
-------+----------+-------------------------------------------
     0 | D:1      | GiantSquids the Gnoll Transmuter began the quest for the
                  | Orb.
     0 | D:1      | Reached XP level 1. HP: 17/17 MP: 6/6
   152 | D:1      | Reached XP level 2. HP: 13/23 MP: 7/7
   404 | D:1      | Reached skill level 5 in Spellcasting
   404 | D:1      | Reached XP level 3. HP: 4/28 MP: 6/9
   550 | D:1      | Reached skill level 1 in Invocations
   840 | D:2      | Noticed Terence
   908 | D:2      | HP: 1/28 [poisoned by Terence]
   909 | D:2      | Succumbed to Terence's poison

Illustrated notes

Levels and vault maps discovered:
D:1:      dpeg_arrival_solitude, layout_basic, serial_glass, glass_columns_c,
          glass_columns_a, glass_columns_a, glass_columns_a, glass_columns_a,
          glass_columns_a
D:2:      layout_rooms, chequers_ecumenical_altar_simple, hex_medium,
          uniq_terence

Skill      XL: |  1  2  3 |
---------------+----------+-----
Spellcasting   | 5 |  5.0
Invocations    | 1 |  1.0
Fighting       | |  2.6
Short Blades   | |  0.9
Long Blades    | |  0.9
Axes           | |  0.9
Maces & Flails | |  0.9
Polearms       | |  0.9
Staves         | |  0.9
Ranged Weapons | |  0.9
Throwing       | |  0.9
Armour         | |  0.9
Dodging        | |  4.5
Stealth        | |  0.9
Shields        | |  0.9
Unarmed Combat | |  6.5
Conjurations   | |  0.6
Hexes          | |  0.6
Summonings     | |  0.6
Necromancy     | |  0.6
Translocations | |  0.6
Transmutations | |  3.8
Fire Magic     | |  0.6
Ice Magic      | |  0.6
Air Magic      | |  0.6
Earth Magic    | |  0.6
Poison Magic   | |  0.6
Evocations     | |  0.9

Action                   || total
-------------------------++-------
Melee: Unarmed           ||   106
       Bite              ||     8
       Punch             ||     2
       Headbutt          ||     1
 Cast: Beastly Appendage ||     4
Armor: Robe              ||    10
       Ring mail         ||    25
Dodge: Dodged            ||    59

Table legend: (Time is in decaauts)
 A = Elapsed time spent in this place.
 B = Non-inter-level travel time spent in this place.
 C = Inter-level travel time spent in this place.
 D = Time resting spent in this place.
 E = Time spent auto-exploring this place.
 F = Levels seen in this place.
 G = Mean time per level.
                   A        B        C        D        E       F      G
               +--------+--------+--------+--------+--------+-----+--------+
         Total |    896 |    862 |     34 |    117 |    475 |   2 |  448.0 |
       Dungeon |    896 |    862 |     34 |    117 |    475 |   2 |  448.0 |
               +--------+--------+--------+--------+--------+-----+--------+

Top non-repeatable levels by time:
     D:1: 864 daAuts
     D:2: 31 daAuts
